 Dungeon Crawl Stone Soup version 0.18.1-5-g4a78601 (webtiles) character file.

79728 mopl the Unseen (level 15, -2/92 HPs)
             Began as a High Elf Enchanter on May 11, 2016.
             Was the Champion of Dithmenos.
             Killed from afar by Aizul (20 damage)
             ... with a bolt of poison
             ... on level 4 of the Shoals.
             The game lasted 01:39:34 (29559 turns).

mopl the Unseen (High Elf Enchanter)               Turns: 29559, Time: 01:39:35

Health: -2/92      AC: 12    Str:  7    XL:     15   Next: 21%
Magic:  19/22      EV: 20    Int: 21    God:    Dithmenos [******]
Gold:   1181       SH: 11    Dex: 22    Spells: 7 memorised, 7 levels left

rFire  + . .     SeeInvis .     a - +2 dagger (venom)
rCold  + . .     Gourm    .     h - +2 robe {rC+}
rNeg   . . .     Faith    .     X - +0 buckler
rPois  .         Spirit   .     f - +2 helmet {rF+}
rElec  .         Dismiss  .     c - +1 cloak {MR+}
rCorr  .         Reflect  +     k - +2 pair of gloves
SustAt .         Harm     .     (no boots)
MR     ++...                    e - +5 amulet of reflection
Stlth  ++++++++++               E - +6 ring of slaying {=R}
                                T - ring of stealth

@: lethally poisoned (-2 -> -20), wreathed by umbra, very resistant to hostile
enchantments, uncannily stealthy
A: no striking features
a: Shadow Step, Shadow Form, Renounce Religion


You were on level 4 of the Shoals.
You worshipped Dithmenos.
Dithmenos was exalted by your worship.
You were not hungry.

You visited 5 branches of the dungeon, and saw 26 of its levels.
You also visited: Volcano.

You collected 2246 gold pieces.
You spent 1065 gold pieces at shops.

Inventory:

Hand Weapons
 a - a +2 dagger of venom (weapon)
 g - a +1 scimitar of electrocution
 m - a +0 rapier
 U - a +0 quick blade
Missiles
 s - 84 tomahawks (quivered)
 x - 17 javelins
 C - a throwing net
 D - 5 javelins of penetration
 S - 10 poisoned needles
Armour
 c - a +1 cloak of magic resistance (worn)
 f - a +2 helmet of fire resistance (worn)
 h - a +2 robe of cold resistance (worn)
 k - a +2 pair of gloves (worn)
 v - a +2 robe of magic resistance
 X - a +0 buckler (worn)
Rods
 W - a +0 rod of shadows (9/9) {!a}
   (You found it on level 9 of the Dungeon)
Jewellery
 e - a +5 amulet of reflection (around neck)
 j - a +3 ring of evasion
 E - a +6 ring of slaying (right hand) {=R}
 Q - an uncursed ring of protection from cold
 T - a ring of stealth (left hand)
Wands
 p - a wand of iceblast (3/15)
 H - a wand of polymorph (15/24)
 M - a wand of slowing (15/48)
 Y - a wand of confusion (20/48)
Scrolls
 b - a scroll of noise {unknown}
 l - 4 scrolls of identify {unknown}
 q - a scroll of remove curse {unknown}
 y - a scroll of holy word {unknown}
 B - a scroll of magic mapping {unknown}
Potions
 n - 3 potions of berserk rage {unknown}
 o - a potion of brilliance {unknown}
 r - 4 potions of haste {unknown}
 u - 4 potions of degeneration {unknown}
 w - 3 potions of mutation {unknown}
 z - a potion of heal wounds {unknown}
 A - 6 potions of curing {unknown}
 G - 3 potions of cure mutation {unknown}
 I - 5 potions of might {unknown}
 L - 3 potions of agility {unknown}
Miscellaneous
 i - a box of beasts {used: 6}
Comestibles
 d - 13 bread rations
 t - 5 chunks of flesh


   Skills:
 - Level 5.0 Fighting
 - Level 7.0 Short Blades
 * Level 10.0 Throwing
 + Level 8.8 Dodging
 * Level 16.4 Stealth
 - Level 3.8 Shields
 - Level 4.0 Spellcasting
 - Level 3.0 Conjurations
 - Level 14.0 Hexes
 * Level 2.1 Translocations
 - Level 3.0 Ice Magic
 + Level 5.6 Invocations
 + Level 8.2 Evocations


You had 7 spell levels left.
You knew the following spells:

 Your Spells              Type           Power        Failure   Level  Hunger
a - Apportation           Tloc           ##........   6%          1    None
b - Ensorcelled Hibernat  Hex/Ice        #####.       1%          2    #......
c - Confuse               Hex            ######..     1%          3    ###....
d - Tukima's Dance        Hex            ######..     1%          3    ###....
e - Blink                 Tloc           N/A          10%         2    #......
f - Corona                Hex            ######.      1%          1    None
g - Dazzling Spray        Conj/Hex       #####...     1%          3    ###....


Dungeon Overview and Level Annotations

Branches:
Dungeon (11/15)            Temple (1/1) D:4            Lair (8/8) D:11
 Shoals (4/4) Lair:3       Spider (0/4) Lair:6        Slime (0/6) Lair:7
    Orc (2/2) D:11            Elf (0/3) Orc:2

Altars:
Ashenzari
Cheibriados
Dithmenos
Elyvilon
Fedhas
Gozag
Kikubaaqudgha
Makhleb
Nemelex Xobeh
Okawaru
Pakellas
Qazlal
Ru
Sif Muna
Trog
Vehumet
Xom
Yredelemnul
Zin
The Shining One
Beogh
Jiyva

Shops:
D:6 [:   Orc:2 =([[   Shoals:2 (=[   Shoals:3 %

Annotations:
Lair:4 exclusion: river rat, Maud
Lair:8 bb
Shoals:1 exclusion: water nymph
Shoals:2 Louise
Shoals:4 Aizul
Orc:1 Harold
Orc:2 exclusion: door, Scarto's ghost, journeyman MiFi


Message History

Okay, then.
Wield which item (- for none, * to show all)? (? for menu, Esc to quit)
Okay, then.
Unknown command.
You feel sick. Aizul casts a spell at you.
You easily resist.
There is a stone staircase leading up here.
Unknown command.
Casting: Confuse
Confirm with . or Enter, or press ? or * to list all spells.
Aiming: Dazzling Spray
Press: ? - help, Shift-Dir - straight line, f - Aizul
Aim: Aizul (black smoke, almost dead, poisoned, umbra)
The spray of energy hits Aizul.
Aizul is almost dead.
Aizul coils himself and waves his upper body at you.
The bolt of poison hits you!
You are lethally poisoned!
You die...

##.≈....≈≈≈ ..
#..≈≈...≈≈ . #
#≈≈≈≈≈≈≈≈≈ .# ≈#
#≈≈≈≈≈≈.. .#.≈#
#≈≈≈≈≈.[. ....≈#
#≈≈≈≈≈§§##§≈≈≈≈#
≈≈≈≈≈.§§#§§≈≈≈≈#
≈≈≈...§@S§.≈≈≈≈≈
≈≈.....§§§...≈≈≈
≈≈.....§§§..≈≈≈≈
≈.%...?##§.≈≈≈≈≈
≈.....# ..≈≈≈≈≈
...... ...≈≈≈≈
...... ....≈≈≈
...... ≈≈≈≈≈≈≈


You could see Aizul.

Vanquished Creatures
  An orc warlord (Orc:2)
  Snorg (Lair:8)
  A merfolk javelineer (Shoals:1)
  A merfolk impaler (Shoals:3)
  6 hydras
  A catoblepas (Lair:7)
  2 satyrs
  A tengu warrior (D:11)
  4 orc high priests (Orc:2)
  4 sea snakes
  2 lindwurms
  2 orc sorcerers (Orc:2)
  3 orc knights (Orc:2)
  3 harpies (Shoals:3)
  3 griffons
  A manticore (Shoals:1)
  A faun (Shoals:3)
  A cyclops (D:11)
  4 black mambas
  Joseph (D:7)
  The ghost of mopl the Covert, a novice HEEn of Dithmenos (D:7)
  9 elephants
  A molten gargoyle (Volcano)
  A water nymph (Shoals:2)
  23 spiny frogs
  2 torpor snails
  3 centaur skeletons
  3 gargoyles (Volcano)
  5 rime drakes
  9 komodo dragons
  A wind drake (Shoals:3)
  6 trolls (Orc:2)
  5 merfolk
  2 polar bears (D:10)
  2 two-headed ogres (Orc:2)
  3 giant leeches (Lair:8)
  A dancing weapon (D:7)
  21 blink frogs
  Prince Ribbit (D:6)
  2 snapping turtles (Shoals:3)
  2 redbacks (Lair:6)
  64 yaks
  2 wyverns
  A fire elemental (Volcano)
  A water elemental (Shoals:1)
  3 basilisks
  2 hungry ghosts
  13 hippogriffs
  8 vampire mosquitoes (Lair:8)
  4 wargs
  Menkaure (D:7)
  16 water moccasins
  Duvessa (D:7)
  41 orc warriors
  11 porcupines
  2 ice beasts
  3 sky beasts
  3 black bears
  3 eyes of draining
  A wasp (D:11)
  A necrophage (D:11)
  25 wolves
  15 ogres
  2 centaurs
  13 crocodiles
  23 giant frogs
  A big kobold (D:8)
  Dowan (D:7)
  A wyvern skeleton (D:7)
  3 scorpions
  5 killer bees (D:10)
  3 howler monkeys (D:11)
  5 wights
  3 electric eels
  6 crimson imps
  A giant frog zombie (D:10)
  28 orc priests
  3 jellies
  6 hounds
  Jessica (D:3)
  12 iguanas
  14 orc wizards
  11 worker ants
  12 sheep
  3 hound zombies
  A hound skeleton (D:9)
  A mummy (D:4)
  11 gnolls
  14 adders
  84 river rats
  4 shadow imps
  2 white imps (D:10)
  2 ufetubi (D:10)
  3 adder zombies
  An adder skeleton (D:4)
  5 worms
  5 dart slugs
  6 giant geckos
  113 orcs
  2 ball pythons
  3 giant cockroaches
  10 goblins
  10 hobgoblins
  9 jackals
  5 quokkas
  4 bats
  7 giant newts
  4 hobgoblin zombies (D:4)
  2 jackal skeletons (D:4)
  5 kobolds
  2 quokka skeletons
  4 rats
  A bush (D:1)
  3 plants
847 creatures vanquished.

Vanquished Creatures (collateral kills)
  2 orc knights (Orc:2)
  An orc sorcerer (Orc:2)
  2 orc warriors (Orc:2)
  An ogre (Orc:2)
  7 wights
13 creatures vanquished.

Vanquished Creatures (others)
  An orange crystal statue (D:8)
  4 dancing weapons
  2 orcs (Orc:2)
  34 fungi
  49 plants
90 creatures vanquished.

Grand Total: 950 creatures vanquished

Notes
Turn   | Place    | Note
--------------------------------------------------------------
     0 | D:1      | mopl the High Elf Enchanter began the quest for the Orb.
     0 | D:1      | Reached XP level 1. HP: 11/11 MP: 4/4
   127 | D:1      | Reached XP level 2. HP: 16/17 MP: 6/6
   131 | D:1      | Learned a level 2 spell: Ensorcelled Hibernation
  1515 | D:1      | Reached skill level 2 in Short Blades
  1579 | D:2      | Reached skill level 4 in Stealth
  1608 | D:2      | Reached skill level 3 in Spellcasting
  1608 | D:2      | Reached XP level 3. HP: 18/21 MP: 4/8
  1827 | D:2      | Learned a level 3 spell: Confuse
  2199 | D:2      | Reached XP level 4. HP: 25/27 MP: 4/9
  2206 | D:2      | Found an iron altar of Okawaru.
  2214 | D:2      | Learned a level 3 spell: Tukima's Dance
  2526 | D:3      | Found a basalt altar of Yredelemnul.
  2532 | D:3      | Noticed Jessica
  2563 | D:3      | Killed Jessica
  2714 | D:3      | Reached skill level 1 in Ice Magic
  2824 | D:3      | Reached XP level 5. HP: 31/31 MP: 5/11
  3250 | D:3      | Found a snail-covered altar of Cheibriados.
  3386 | D:3      | Reached skill level 3 in Short Blades
  3386 | D:3      | Reached skill level 5 in Stealth
  3698 | D:4      | Found a sacrificial altar of Ru.
  3762 | D:4      | Reached XP level 6. HP: 32/36 MP: 7/12
  3792 | D:4      | Learned a level 3 spell: Dazzling Spray
  3918 | D:4      | Reached skill level 4 in Hexes
  3918 | D:4      | Reached skill level 2 in Ice Magic
  4103 | D:4      | Found a staircase to the Ecumenical Temple.
  4119 | Temple   | Entered the Ecumenical Temple
  4144 | Temple   | Became a worshipper of Dithmenos the Shadowed
  4275 | D:4      | Reached skill level 4 in Spellcasting
  4301 | D:4      | Reached skill level 6 in Stealth
  4301 | D:4      | Reached XP level 7. HP: 37/41 MP: 5/14
  4519 | D:5      | Entered Level 5 of the Dungeon
  4840 | D:5      | Reached skill level 4 in Short Blades
  4869 | D:5      | Reached skill level 5 in Hexes
  4972 | D:5      | Found a bloodstained altar of Trog.
  5005 | D:5      | Reached skill level 7 in Stealth
  5005 | D:5      | Reached skill level 3 in Ice Magic
  5146 | D:5      | Reached XP level 8. HP: 45/46 MP: 1/15
  5195 | D:5      | Found a glowing golden altar of the Shining One.
  5195 | D:5      | Found a white marble altar of Elyvilon.
  5386 | D:6      | Noticed Prince Ribbit
  5401 | D:6      | Noticed an angel
  5401 | D:6      | Found a shimmering altar of Xom.
  5403 | D:6      | Found a glowing silver altar of Zin.
  5495 | D:6      | Found Qyla Die's Armour Shop.
  5531 | D:6      | Reached * piety under Dithmenos
  5545 | D:6      | Reached skill level 6 in Hexes
  5565 | D:6      | Reached skill level 5 in Short Blades
  5632 | D:6      | Found Doqer's Book Boutique.
  5683 | D:6      | Reached skill level 8 in Stealth
  5783 | D:6      | Reached skill level 7 in Hexes
  6143 | D:7      | Reached skill level 9 in Stealth
  6188 | D:7      | Noticed Joseph
  6217 | D:7      | Reached XP level 9. HP: 34/51 MP: 6/16
  6282 | D:7      | Reached skill level 6 in Short Blades
  6597 | D:7      | Noticed Menkaure
  6606 | D:7      | Noticed Dowan
  6867 | D:8      | Reached skill level 8 in Hexes
  6922 | D:8      | Found an oddly glowing altar of Pakellas.
  6922 | D:8      | Noticed an orange crystal statue
  6923 | D:8      | Noticed a troll
  6934 | D:8      | Killed an orange crystal statue
  7000 | D:8      | Reached skill level 10 in Stealth
  7020 | D:8      | Reached ** piety under Dithmenos
  7924 | D:7      | Reached skill level 9 in Hexes
  7979 | D:7      | Noticed Duvessa
  8573 | D:9      | Identified a +0 rod of shadows (9/9) (You found it on level 9 of the Dungeon)
  8628 | D:9      | Found an opulent altar of Gozag.
  8774 | D:9      | Reached skill level 7 in Short Blades
  8906 | D:10     | Entered Level 10 of the Dungeon
  9066 | D:10     | Reached skill level 1 in Throwing
  9066 | D:10     | Reached XP level 10. HP: 56/56 MP: 12/17
  9504 | D:10     | Reached skill level 11 in Stealth
  9504 | D:10     | Reached skill level 1 in Evocations
  9706 | D:10     | Reached skill level 2 in Throwing
  9860 | D:10     | Reached *** piety under Dithmenos
  9906 | D:10     | Reached skill level 2 in Evocations
 10031 | D:10     | Reached skill level 10 in Hexes
 10881 | D:11     | Reached skill level 1 in Fighting
 10929 | D:11     | Found a staircase to the Lair.
 10933 | Lair:1   | Entered Level 1 of the Lair of Beasts
 10980 | D:11     | Reached skill level 3 in Throwing
 10980 | D:11     | Reached skill level 1 in Shields
 11128 | D:11     | Found a staircase to the Orcish Mines.
 11189 | D:11     | Noticed a tengu warrior
 11202 | D:11     | Killed a tengu warrior
 11202 | D:11     | Reached skill level 12 in Stealth
 11326 | D:11     | Noticed a cyclops
 11352 | D:11     | Reached skill level 1 in Conjurations
 11363 | D:11     | Killed a cyclops
 11472 | D:11     | Reached XP level 11. HP: 58/64 MP: 12/18
 11493 | D:11     | Reached skill level 3 in Evocations
 12036 | Lair:1   | Reached skill level 2 in Fighting
 12036 | Lair:1   | Reached skill level 3 in Dodging
 12147 | Lair:1   | Reached skill level 2 in Shields
 12167 | Lair:1   | Reached **** piety under Dithmenos
 12206 | Lair:1   | Noticed an eight-headed hydra
 12213 | Lair:1   | Reached skill level 2 in Conjurations
 12935 | Lair:1   | Reached skill level 4 in Throwing
 12949 | Lair:1   | Reached skill level 3 in Conjurations
 13215 | Orc:1    | Entered Level 1 of the Orcish Mines
 13307 | Orc:1    | Reached skill level 3 in Fighting
 13339 | Orc:2    | Entered Level 2 of the Orcish Mines
 13611 | D:10     | Reached skill level 4 in Evocations
 13707 | D:7      | Noticed mopl's ghost (novice HEEn)
 14033 | D:7      | Killed mopl's ghost
 14033 | D:7      | Reached skill level 11 in Hexes
 14097 | D:7      | Killed Joseph
 14097 | D:7      | Reached skill level 4 in Dodging
 14206 | D:7      | Found a radiant altar of Vehumet.
 14207 | D:7      | Found a burning altar of Makhleb.
 14333 | D:7      | Killed Menkaure
 14579 | D:7      | Killed Duvessa
 14592 | D:7      | Killed Dowan
 14653 | D:6      | Killed Prince Ribbit
 14836 | D:11     | Reached ***** piety under Dithmenos
 15014 | Orc:2    | Reached skill level 13 in Stealth
 15242 | Orc:2    | Reached skill level 3 in Shields
 15478 | Orc:1    | Noticed Harold
 15597 | Orc:2    | Reached XP level 12. HP: 74/74 MP: 16/19
 15607 | Orc:2    | Noticed Scarto's ghost (journeyman MiFi)
 15809 | Orc:2    | Reached skill level 4 in Fighting
 16261 | Orc:2    | Reached skill level 5 in Throwing
 16315 | Orc:2    | Found a staircase to the Elven Halls.
 16661 | Lair:2   | Reached skill level 5 in Evocations
 16941 | Lair:2   | Reached skill level 5 in Dodging
 17722 | Lair:3   | Found a staircase to the Shoals.
 17786 | Lair:3   | Reached skill level 5 in Fighting
 17792 | Lair:3   | Reached skill level 6 in Throwing
 17938 | Lair:3   | Reached skill level 12 in Hexes
 18408 | Lair:4   | Reached skill level 14 in Stealth
 18477 | Lair:4   | Reached skill level 1 in Invocations
 18482 | Lair:4   | Noticed Maud
 18734 | Lair:4   | Reached XP level 13. HP: 78/81 MP: 12/20
 19371 | Lair:5   | Reached skill level 6 in Dodging
 19384 | Lair:5   | Reached skill level 2 in Invocations
 19645 | Lair:5   | Reached ****** piety under Dithmenos
 19868 | Lair:5   | Reached skill level 6 in Evocations
 19951 | Lair:5   | Reached skill level 7 in Throwing
 20797 | Lair:6   | Found a hole to the Spider Nest.
 20799 | Lair:6   | Reached skill level 3 in Invocations
 21594 | Lair:6   | Reached skill level 15 in Stealth
 21743 | Lair:7   | Reached skill level 8 in Throwing
 21892 | Lair:7   | Reached skill level 7 in Dodging
 22168 | Lair:7   | Found a viscous altar of Jiyva.
 22168 | Lair:7   | Found a staircase to the Slime Pits.
 22459 | Lair:7   | Got a polished plate armour
 22739 | Lair:7   | Reached XP level 14. HP: 88/88 MP: 21/21
 22892 | Lair:7   | Reached skill level 7 in Evocations
 22951 | Lair:8   | Entered Level 8 of the Lair of Beasts
 23094 | Lair:8   | Reached skill level 13 in Hexes
 23156 | Lair:8   | Reached skill level 4 in Invocations
 23244 | Lair:8   | Noticed Snorg
 23304 | Lair:8   | Found a dark tunnel.
 23322 | Volcano  | Entered a volcano
 23531 | Lair:8   | Killed Snorg
 23751 | Lair:8   | Reached skill level 9 in Throwing
 25352 | Lair:8   | Reached skill level 8 in Dodging
 26001 | Orc:2    | Found a roughly hewn altar of Beogh.
 26040 | Orc:2    | Reached skill level 16 in Stealth
 26256 | Orc:2    | Found Xecuag's Antique Armour Emporium.
 26266 | Orc:2    | Found Ciefyar's Antique Armour Shoppe.
 26282 | Orc:2    | Bought an embroidered cloak for 126 gold pieces
 26914 | Orc:2    | Noticed an orc warlord
 26947 | Orc:2    | Killed an orc warlord
 26947 | Orc:2    | Reached skill level 5 in Invocations
 27142 | Orc:2    | Found a roughly hewn altar of Beogh.
 27414 | Orc:2    | Found Dazxoum's Antique Weapon Shop.
 27513 | Orc:2    | Found Diyshaz's Jewellery Shoppe.
 27588 | Orc:2    | Bought a cursed ring of loudness for 76 gold pieces
 28127 | Shoals:1 | Entered Level 1 of the Shoals
 28390 | D:6      | Bought a book of Spatial Translocations for 845 gold pieces
 28392 | D:6      | Learned a level 1 spell: Apportation
 28395 | D:6      | Learned a level 2 spell: Blink
 28772 | Shoals:1 | Reached skill level 8 in Evocations
 28772 | Shoals:1 | Reached XP level 15. HP: 92/92 MP: 22/22
 28825 | Shoals:1 | Paralysed by a Zot trap for 2 turns
 28914 | Shoals:2 | Found Daxzea's Antique Armour Emporium.
 28919 | Shoals:2 | Noticed Louise
 28929 | Shoals:2 | Bought a runed robe for 18 gold pieces
 28963 | Shoals:2 | Found Loun's Jewellery Shoppe.
 28998 | Shoals:3 | Found Miwuanwa's Food Boutique.
 29007 | Shoals:3 | Reached skill level 1 in Translocations
 29277 | Shoals:2 | Found Leyweolu's Antique Weapon Boutique.
 29423 | Shoals:3 | Reached skill level 10 in Throwing
 29423 | Shoals:3 | Reached skill level 14 in Hexes
 29445 | Shoals:3 | Reached skill level 2 in Translocations
 29547 | Shoals:4 | Entered Level 4 of the Shoals
 29547 | Shoals:4 | Noticed Aizul
 29559 | Shoals:4 | Killed from afar by Aizul

Skill      XL: |  1  2  3  4  5  6  7  8  9 10 11 12 13 14 15 |
---------------+----------------------------------------------+-----
Short Blades   | 2 3 4 5 7 |  7.0
Stealth        | 4 5 6 7 9 10 12 13 14 15 16 | 16.4
Spellcasting   | 3 4 |  4.0
Ice Magic      | 1 2 3 |  3.0
Hexes          | 4 5 7 9 10 11 12 13 14 | 14.0
Throwing       | 1 3 4 6 8 9 10 | 10.0
Evocations     | 2 4 5 6 8 |  8.2
Fighting       | 1 3 5 |  5.0
Shields        | 1 3 |  3.8
Conjurations   | 1 3 |  3.0
Dodging        | 4 5 7 8 |  8.8
Invocations    | 1 3 5 |  5.6
Translocations | 2 |  2.1

Action                   |  1- 3 |  4- 6 |  7- 9 | 10-12 | 13-15 || total
-------------------------+-------+-------+-------+-------+-------++-------
Melee: Dagger            |   304 |    99 |   227 |   613 |   831 ||  2074
Throw: Tomahawk          |       |       |       |    10 |    22 ||    32
 Cast: Corona            |     2 |       |       |    21 |    29 ||    52
       Ensorcelled Hiber |    19 |    55 |    61 |   191 |   195 ||   521
       Confuse           |       |     3 |    21 |    42 |    50 ||   116
       Tukima's Dance    |       |       |     9 |    19 |     2 ||    30
       Dazzling Spray    |       |       |       |     1 |     1 ||     2
Invok: Shadow Form       |       |       |       |       |     3 ||     3
 Abil: End Transformatio |       |       |       |       |     3 ||     3
Evoke: Rod               |       |       |       |     1 |     4 ||     5
       Wand              |       |       |       |       |     2 ||     2
       Box of beasts     |       |       |       |       |     7 ||     7
 Stab: Sleeping          |    24 |    37 |    60 |   198 |   210 ||   529
       Confused          |       |     3 |    10 |    21 |    23 ||    57
       Distracted        |       |       |     1 |     2 |     5 ||     8
       Invisible         |       |       |       |       |     4 ||     4
  Eat: Chunk             |     5 |     9 |    17 |    38 |    39 ||   108
       Beef jerky        |       |       |     1 |     1 |     2 ||     4
       Royal jelly       |       |       |       |       |     1 ||     1
Armor: Robe              |    24 |    23 |    37 |    41 |    52 ||   177
Dodge: Dodged            |    88 |    70 |   112 |   219 |   436 ||   925
Block: Other             |       |       |       |    48 |       ||    48
       Buckler           |       |       |       |    65 |   328 ||   393
       Reflection        |       |       |       |     5 |     6 ||    11
